[Event "Titled Tuesday Blitz August 15 Late 2023"]
[White "Eljanov, Pavel"]
[Black "Volovich, Vasily"]
[WhiteFideId "14102951"]
[BlackFideId "34169676"]
[WhiteElo "2913"]
[BlackElo "2707"]
[Result "1-0"]
[Round "8"]
[TimeControl "180+1"]
[Date "2023.08.15"]
[WhiteClock "0:01:55"]
[BlackClock "0:00:20"]
[Board "22"]

1. d4 Nf6 2. c4 e6 3. Nc3 Bb4 4. e3 b6 5. Ne2 c5 6. a3 Ba5 7. Rb1 Na6 8. g3 Bb7 9. d5 b5 10. Bg2 bxc4 11. O-O O-O 12. e4 d6 13. h3 h6 14. g4 Nc7 15. Ng3 exd5 16. Nxd5 Ncxd5 17. exd5 Re8 18. g5 hxg5 19. Bxg5 Ba6 20. Nh5 Re5 21. Bxf6 gxf6 22. f4 Rxh5 23. Qxh5 c3 24. Rf3 Rb8 25. Qh6 1-0


[Site "https://www.chess.com"]

[Event "Titled Tuesday Blitz August 15 Late 2023"]
[White "Kamsky, Gata"]
[Black "Djordjevic, Vuk"]
[WhiteFideId "2000024"]
[BlackFideId "902098"]
[WhiteElo "2904"]
[BlackElo "2704"]
[Result "0-1"]
[Round "8"]
[TimeControl "180+1"]
[Date "2023.08.15"]
[WhiteClock "0:00:00"]
[BlackClock "0:00:03"]
[Board "23"]

1. d4 Nf6 2. Bf4 e6 3. e3 d5 4. Nf3 Bd6 5. Bg3 O-O 6. c4 c6 7. Nc3 Re8 8. Bd3 dxc4 9. Bxc4 b5 10. Bd3 b4 11. Ne4 Nxe4 12. Bxe4 Ba6 13. Qc2 h6 14. Bxd6 Qxd6 15. Ne5 f6 16. Nc4 Bxc4 17. Qxc4 Rc8 18. Rc1 Nd7 19. O-O Rab8 20. Qa6 Rb6 21. Qxa7 c5 22. dxc5 Nxc5 23. Rfd1 Qb8 24. Qe7 Qc7 25. Qxc7 Rxc7 26. g4 Kf7 27. Rc4 Ke7 28. Rdc1 Kd6 29. Kg2 Na6 30. Rxc7 Nxc7 31. a4 bxa3 32. bxa3 Ra6 33. Rd1+ Ke7 34. Ra1 Ra5 35. a4 Na6 36. Bd3 Nc7 37. h3 Nd5 38. Kf3 Kd6 39. Bc2 Nb4 40. Bb3 Na6 41. Ke2 Nc5 42. Bc2 Kd5 43. Kd2 Kc4 44. Rc1 Kd5 45. Kc3 Ra7 46. Rd1+ Kc6 47. Kb4 Rb7+ 48. Ka3 Ra7 49. Rb1 Kd5 50. Rb4 Kc6 51. Rc4 Kd5 52. Rd4+ Kc6 53. f4 e5 54. Rc4 Kd5 55. Rb4 exf4 56. exf4 Re7 57. Kb2 Ra7 58. Kc3 Rc7 59. Rd4+ Kc6 60. Rc4 Kd5 61. Bb3 Nxa4+ 62. Kb4 Rxc4+ 63. Bxc4+ Kd4 0-1


[Site "https://www.chess.com"]

[Event "Titled Tuesday Blitz August 15 Late 2023"]
[White "Ozdemir, Serhan Berat"]
[Black "Moskalenko, Alexander"]
[WhiteFideId "6374611"]
[BlackFideId "4155351"]
[WhiteElo "2680"]
[BlackElo "2886"]
[Result "0-1"]
[Round "8"]
[TimeControl "180+1"]
[Date "2023.08.15"]
[WhiteClock "0:00:02"]
[BlackClock "0:00:20"]
[Board "24"]

1. e4 e5 2. Nf3 Nc6 3. d4 exd4 4. Bc4 Bc5 5. c3 Nf6 6. e5 d5 7. Bb5 Ne4 8. cxd4 Bb6 9. h3 O-O 10. Be3 f6 11. Nc3 Nxc3 12. bxc3 fxe5 13. Bxc6 e4 14. Bxd5+ Qxd5 15. Ne5 Be6 16. O-O c5 17. c4 Qd6 18. dxc5 Bxc5 19. Bxc5 Qxc5 20. Nd7 Bxd7 21. Qxd7 Rf7 22. Qd5 Qxd5 23. cxd5 Rd8 24. Rfd1 Rfd7 25. Rac1 Kf7 26. Rc4 Rxd5 27. Rxd5 Rxd5 28. Rc7+ Kf6 29. Rxb7 Rd1+ 30. Kh2 Rd2 31. Rxa7 Rxf2 32. Ra5 Rf1 33. Ra6+ Ke5 34. Ra7 e3 35. Re7+ Kd4 36. Rd7+ Kc3 37. Rc7+ Kd2 38. Rd7+ Kc2 39. Rc7+ Kd1 40. Rd7+ Ke1 41. Rxg7 Rf6 42. Rxh7 Re6 43. Rb7 e2 44. Kg3 Kd2 45. Rb2+ Kc3 46. Rxe2 Rxe2 47. h4 Kd4 48. Kf3 Rxa2 49. g4 Ke5 0-1


[Site "https://www.chess.com"]

[Event "Titled Tuesday Blitz August 15 Late 2023"]
[White "Lysyj, Igor"]
[Black "Soderstrom, Adrian"]
[WhiteFideId "4150120"]
[BlackFideId "1745786"]
[WhiteElo "2878"]
[BlackElo "2597"]
[Result "0-1"]
[Round "8"]
[TimeControl "180+1"]
[Date "2023.08.15"]
[WhiteClock "0:00:00"]
[BlackClock "0:00:29"]
[Board "25"]

1. d4 Nf6 2. c4 e5 3. dxe5 Ng4 4. Nf3 Bc5 5. e3 Nc6 6. Nc3 O-O 7. Be2 Ngxe5 8. Nxe5 Nxe5 9. O-O Re8 10. b3 a5 11. Bb2 Ra6 12. Nd5 Rh6 13. g3 d6 14. Bd4 Bh3 15. Re1 c6 16. Nc3 Qe7 17. Bxc5 dxc5 18. f4 Rd8 19. Qc2 Ng4 20. Bf3 Nxe3 21. Qf2 Re6 22. Ne4 Ng4 23. Bxg4 Bxg4 24. Nxc5 Rxe1+ 25. Rxe1 Rd1 26. Rxd1 Bxd1 27. Nd3 Qe4 28. Qe1 Be2 29. Nf2 Qe3 30. Qa1 Bf3 31. Qb1 g6 32. Qa1 h5 33. Qf1 h4 34. gxh4 Qxf4 35. Qh3 Qc1+ 36. Qf1 Qe3 37. Qh3 Kg7 38. Qf1 Be4 39. Qh3 Qxh3 40. Nxh3 Bb1 41. a3 Ba2 42. b4 axb4 43. axb4 Bxc4 44. Ng5 Bd5 45. Kf2 b6 46. Ke3 c5 47. bxc5 bxc5 48. Nh3 Kh6 49. Nf4 Bc4 50. Ke4 f6 51. Ke3 g5 52. hxg5+ Kxg5 53. Ng2 Kg4 54. Nf4 f5 55. Ng6 Kg5 56. Nf4 Bf7 57. Nd3 c4 58. Ne5 Be6 59. Kd4 Kf4 60. h4 c3 61. Nd3+ Kg4 62. Kxc3 Kxh4 63. Kd4 Kg4 64. Ke5 Bc4 0-1


[Site "https://www.chess.com"]

[Event "Titled Tuesday Blitz August 15 Late 2023"]
[White "Cordova, Emilio"]
[Black "Schekachikhin, Maksim"]
[WhiteFideId "3801497"]
[BlackFideId "24177830"]
[WhiteElo "2874"]
[BlackElo "2586"]
[Result "0-1"]
[Round "8"]
[TimeControl "180+1"]
[Date "2023.08.15"]
[WhiteClock "0:00:06"]
[BlackClock "0:00:05"]
[Board "26"]

1. d4 d5 2. Bg5 h6 3. Bh4 c6 4. c3 Bf5 5. Nd2 Nd7 6. Ngf3 Ngf6 7. e3 e6 8. Ne5 Be7 9. f4 Nxe5 10. fxe5 Ne4 11. Bxe7 Qxe7 12. Nf3 Ng5 13. Be2 Nxf3+ 14. gxf3 O-O-O 15. Bd3 Bxd3 16. Qxd3 f6 17. O-O-O g5 18. f4 f5 19. Kb1 Rhg8 20. a3 Kb8 21. Rhg1 g4 22. c4 dxc4 23. Qxc4 h5 24. Rd3 Qd7 25. Rb3 Qd5 26. Qb4 Rd7 27. Rc1 h4 28. Rbc3 g3 29. hxg3 hxg3 30. Rxc6 g2 31. R6c5 Qe4+ 32. Ka2 g1=Q 33. Rxg1 Rxg1 34. Qc4 Rd8 35. Qxe6 Rgg8 36. Qe7 Rc8 37. Qd6+ Ka8 38. Qe6 Rce8 39. Qb3 a6 40. d5 Rc8 41. d6 Rgd8 42. Qc3 Rxc5 43. Qxc5 Qc6 44. Qd4 Qd7 45. Qd5 Re8 46. Qc5 Kb8 47. a4 Qe6+ 48. b3 Rc8 49. Qd4 Qg8 50. Ka3 Qg1 51. d7 Qc1+ 52. Kb4 a5+ 53. Kxa5 Qc5+ 54. Qxc5 Rxc5+ 55. Kb4 Rd5 56. e6 Kc7 57. Kc4 Rd6 58. e4 Rxe6 59. e5 Kxd7 60. b4 Rc6+ 61. Kb5 Rc1 62. Kb6 Kc8 63. b5 Rc4 64. e6 Rxf4 65. a5 Re4 0-1


[Site "https://www.chess.com"]

[Event "Titled Tuesday Blitz August 15 Late 2023"]
[White "Zierk, Steven"]
[Black "Nanu, Costica-Ciprian"]
[WhiteFideId "2034255"]
[BlackFideId "1204580"]
[WhiteElo "2863"]
[BlackElo "2561"]
[Result "1-0"]
[Round "8"]
[TimeControl "180+1"]
[Date "2023.08.15"]
[WhiteClock "0:01:26"]
[BlackClock "0:01:46"]
[Board "27"]

1. e4 c5 2. Nf3 d6 3. d4 cxd4 4. Nxd4 Nf6 5. Nc3 a6 6. h3 e6 7. g4 Nfd7 8. g5 Be7 9. h4 b5 10. Bg2 Bb7 11. Be3 Nc6 12. Nxc6 Bxc6 13. Qd4 O-O 14. O-O-O a5 15. f4 Qb8 16. h5 b4 17. Ne2 Rc8 18. g6 f6 19. h6 hxg6 20. f5 e5 21. Qc4+ d5 22. exd5 Bb5 23. Qg4 Qc7 24. Rd2 g5 25. hxg7 Kxg7 26. Qh5 Nf8 27. d6 Bxd6 28. Bd5 Ne6 29. Qg6+ Kf8 30. Rh8+ Ke7 31. Qh7+ Ng7 32. Qxg7# 1-0


[Site "https://www.chess.com"]

[Event "Titled Tuesday Blitz August 15 Late 2023"]
[White "Delorme, Laurie"]
[Black "Klukin, Kirill"]
[WhiteFideId "630829"]
[BlackFideId "24199273"]
[WhiteElo "2434"]
[BlackElo "2825"]
[Result "0-1"]
[Round "8"]
[TimeControl "180+1"]
[Date "2023.08.15"]
[WhiteClock "0:00:00"]
[BlackClock "0:00:15"]
[Board "28"]

1. e4 c5 2. Nf3 Nc6 3. d4 cxd4 4. Nxd4 e5 5. Nb5 d6 6. c4 Be7 7. N5c3 Be6 8. Bd3 Bg5 9. Nd5 Bxc1 10. Qxc1 Nf6 11. Nbc3 O-O 12. O-O Rc8 13. h3 a6 14. f4 Nd4 15. Qe3 Bxd5 16. Nxd5 Nxd5 17. exd5 Re8 18. fxe5 dxe5 19. Rae1 Qd6 20. b3 a5 21. Qf2 Re7 22. Qh4 h6 23. Qe4 g6 24. Qh4 Kg7 25. Qg4 Rf8 26. Rf2 f5 27. Qh4 b6 28. Bf1 Qf6 29. Qxf6+ Kxf6 30. Rd2 Rd8 31. Kh2 Ne6 32. g3 Nc5 33. Bg2 e4 34. Rf1 Ke5 35. Re2 Nb7 36. g4 Nd6 37. Kg3 Rf8 38. Ref2 e3 39. Re2 f4+ 40. Kh4 Ne4 41. Bxe4 Kxe4 42. Rfe1 Kd3 43. d6 Rd7 44. Rg2 f3 45. Rg3 e2 46. g5 hxg5+ 47. Kxg5 Kd2 48. Rh1 f2 49. Kxg6 f1=Q 0-1


[Site "https://www.chess.com"]

[Event "Titled Tuesday Blitz August 15 Late 2023"]
[White "Andreikin, Dmitry"]
[Black "MFatigue"]
[WhiteFideId "4158814"]
[WhiteElo "2998"]
[BlackElo "2515"]
[Result "1-0"]
[Round "8"]
[TimeControl "180+1"]
[Date "2023.08.15"]
[WhiteClock "0:02:47"]
[BlackClock "0:02:10"]
[Board "29"]

1. b3 Nf6 2. Bb2 g6 3. g3 Bg7 4. Bg2 d5 5. c4 O-O 6. Nf3 Nc6 7. cxd5 Nxd5 8. Bxg7 Kxg7 9. d4 Bf5 10. O-O Ndb4 11. Nc3 Bg4 12. d5 Nb8 13. Qd4+ 1-0


[Site "https://www.chess.com"]

[Event "Titled Tuesday Blitz August 15 Late 2023"]
[White "Paravyan, David"]
[Black "Vlassov, Nikolai"]
[WhiteFideId "4194985"]
[BlackFideId "4103360"]
[WhiteElo "2946"]
[BlackElo "2604"]
[Result "1-0"]
[Round "8"]
[TimeControl "180+1"]
[Date "2023.08.15"]
[WhiteClock "0:02:22"]
[BlackClock "0:01:08"]
[Board "30"]

1. Nf3 c5 2. g3 Nc6 3. Bg2 e5 4. c4 g5 5. Nc3 g4 6. Nh4 d6 7. h3 h5 8. hxg4 hxg4 9. Nd5 Be7 10. Nxe7 Ngxe7 11. d3 Nf5 12. Nxf5 Rxh1+ 13. Bxh1 Bxf5 14. Bxc6+ bxc6 15. e4 Be6 16. Be3 Qa5+ 17. Qd2 Qxd2+ 18. Kxd2 Kd7 19. Rh1 a5 20. a4 Rf8 21. Kc2 f5 22. Rh7+ Kc8 23. exf5 Rxf5 24. Ra7 d5 25. Bxc5 d4 26. Rxa5 Rxf2+ 27. Kb3 Rd2 28. Ra8+ Kb7 29. Ra7+ Kb8 30. Re7 Rxd3+ 31. Kb4 Bc8 32. Rxe5 Rxg3 33. Bd6+ Ka8 34. Ra5+ 1-0


[Site "https://www.chess.com"]

[Event "Titled Tuesday Blitz August 15 Late 2023"]
[White "Leenhouts, Koen"]
[Black "Pakleza, Zbigniew"]
[WhiteFideId "1008439"]
[BlackFideId "1119290"]
[WhiteElo "2573"]
[BlackElo "2809"]
[Result "1/2-1/2"]
[Round "8"]
[TimeControl "180+1"]
[Date "2023.08.15"]
[WhiteClock "0:00:03"]
[BlackClock "0:00:07"]
[Board "31"]

1. d4 d6 2. e4 Nf6 3. f3 Nbd7 4. Be3 e5 5. Bc4 Be7 6. Ne2 c6 7. O-O O-O 8. a4 d5 9. exd5 Nxd5 10. Bf2 Bf6 11. Nbc3 Nxc3 12. Nxc3 Nb6 13. Bb3 exd4 14. Ne4 Be5 15. a5 Nd5 16. Bxd4 Qc7 17. Bxe5 Qxe5 18. Re1 Qxb2 19. Ra2 Qe5 20. Nc5 Qc3 21. Ne4 Qe5 22. Nc5 Ne3 23. Qd3 Qxc5 24. Qxe3 Qd6 25. Ra4 Bf5 26. Qe7 Qxe7 27. Rxe7 Rab8 28. Rf4 Bg6 29. Rb4 b6 30. Rxa7 bxa5 31. Rxb8 Rxb8 32. Rxa5 Kf8 33. Ra7 h5 34. Rc7 Rb6 35. Kf2 Ra6 36. Ke3 h4 37. Kd4 Ra1 38. Rxc6 Rg1 39. g3 h3 40. Rc8+ Ke7 41. Rh8 Rg2 42. Rxh3 Bxc2 43. Bxc2 Rxc2 44. Rh4 Ra2 45. Re4+ Kf6 46. Ke3 Rxh2 47. Rf4+ Kg6 48. Rg4+ Kf6 49. Rf4+ Ke7 50. Rg4 g6 51. Re4+ Kf6 52. g4 Ra2 53. Kf4 Ra3 54. Kg3 Kg5 55. Re5+ Kf6 56. Re4 Kg5 57. Re5+ f5 58. gxf5 gxf5 59. Rc5 Rb3 60. Rd5 Rc3 61. Re5 Rd3 62. Rb5 Kf6 63. Ra5 Rd4 64. Ra6+ Kg5 65. Ra5 Rc4 66. Rb5 Rc1 67. Ra5 Rg1+ 68. Kf2 Rb1 69. Kg3 Rb8 70. f4+ Kg6 71. Ra6+ Kh5 72. Ra3 Rg8+ 73. Kf3 Kh4 74. Ra5 Rg3+ 75. Kf2 Kg4 76. Rxf5 Rf3+ 77. Ke2 Rxf4 78. Rxf4+ Kxf4 1/2-1/2


[Site "https://www.chess.com"]

[Event "Titled Tuesday Blitz August 15 Late 2023"]
[White "Shapiro, Viktor"]
[Black "Yanchenko, Roman"]
[WhiteFideId "4175700"]
[BlackFideId "4137329"]
[WhiteElo "2568"]
[BlackElo "2778"]
[Result "0-1"]
[Round "8"]
[TimeControl "180+1"]
[Date "2023.08.15"]
[WhiteClock "0:00:18"]
[BlackClock "0:00:46"]
[Board "32"]

1. Nf3 d5 2. g3 Nf6 3. Bg2 Bf5 4. d3 e6 5. O-O Be7 6. Nbd2 O-O 7. c4 c6 8. a3 Nbd7 9. b4 a6 10. Bb2 Re8 11. Re1 h6 12. Qb3 b5 13. Nd4 Rc8 14. Nxf5 exf5 15. a4 bxc4 16. dxc4 Qb6 17. b5 cxb5 18. cxb5 axb5 19. axb5 Nc5 20. Qa2 Nce4 21. Nxe4 dxe4 22. Rab1 Ng4 23. e3 Rc2 24. Rf1 Qxb5 25. h3 Nxe3 26. Bd4 Rxa2 27. Rxb5 Nxf1 28. Bxf1 Rd8 29. Be3 Rd1 30. Kg2 Raa1 31. Rb8+ Kh7 0-1


[Site "https://www.chess.com"]

[Event "Titled Tuesday Blitz August 15 Late 2023"]
[White "RrainlessBobot"]
[Black "Bazeev, German"]
[BlackFideId "24119350"]
[WhiteElo "2551"]
[BlackElo "2771"]
[Result "1-0"]
[Round "8"]
[TimeControl "180+1"]
[Date "2023.08.15"]
[WhiteClock "0:00:23"]
[BlackClock "0:00:37"]
[Board "33"]

1. Nf3 Nf6 2. g3 d5 3. Bg2 c6 4. O-O Bg4 5. h3 Bxf3 6. Bxf3 h5 7. h4 e5 8. d3 Bc5 9. a4 Qc7 10. a5 Nbd7 11. c3 O-O-O 12. b4 Bd6 13. e4 d4 14. Qb3 c5 15. Na3 a6 16. Nc4 cxb4 17. cxb4 Kb8 18. Bg5 Ka8 19. Rfc1 Qb8 20. b5 Nc5 21. Nb6+ Ka7 22. Qb1 Rde8 23. Be2 Nfd7 24. Nc4 Rc8 25. Bd2 Rhd8 26. f4 exf4 27. Nxd6 Qxd6 28. Bxf4 Ne5 29. bxa6 f6 30. Rxc5 bxa6 31. Rd5 Qc7 32. Bxe5 fxe5 33. Rxd8 Rxd8 34. Qc1 Rc8 35. Qxc7+ Rxc7 36. Bxh5 Rc2 37. Kf1 Kb7 38. Be2 Kc7 39. g4 Kd6 40. Rb1 Ke7 41. Rb7+ Kf8 42. Rb6 1-0


[Site "https://www.chess.com"]

[Event "Titled Tuesday Blitz August 15 Late 2023"]
[White "Matinian, Nikita"]
[Black "Yurtseven, Melih"]
[WhiteFideId "24129100"]
[BlackFideId "6312160"]
[WhiteElo "2717"]
[BlackElo "2546"]
[Result "1-0"]
[Round "8"]
[TimeControl "180+1"]
[Date "2023.08.15"]
[WhiteClock "0:00:19"]
[BlackClock "0:00:02"]
[Board "34"]

1. e4 e5 2. Nf3 Nc6 3. Bb5 a6 4. Ba4 Nf6 5. O-O Be7 6. d3 b5 7. Bb3 d6 8. a3 h6 9. Nc3 Be6 10. Bxe6 fxe6 11. Nh4 g5 12. Ng6 Rg8 13. Nxe7 Qxe7 14. a4 b4 15. Nb1 Kf7 16. Be3 Kg7 17. Nd2 Kh7 18. a5 Rab8 19. c3 Rb5 20. d4 bxc3 21. bxc3 Rgb8 22. Qc2 Nxa5 23. c4 Rb2 24. Qc3 exd4 25. Bxd4 e5 26. Ba7 Nc6 27. Bxb8 Rxb8 28. Rxa6 Nd4 29. Re1 Nd7 30. Ra7 Nc5 31. Qh3 Nce6 32. Nf1 Nf4 33. Qg4 h5 34. Qd1 h4 35. Ne3 Qd7 36. Nd5 Nxd5 37. Qh5+ Kg7 38. Qxg5+ Kf7 39. Qh5+ Kg7 40. cxd5 Rf8 41. Qxh4 Rf7 42. h3 Rf6 43. Qg4+ Rg6 44. Qxd7+ 1-0


[Site "https://www.chess.com"]

[Event "Titled Tuesday Blitz August 15 Late 2023"]
[White "Leiva, Gianmarco"]
[Black "Dragomirescu, Robin-Alexandru"]
[WhiteFideId "3804399"]
[BlackFideId "1213849"]
[WhiteElo "2704"]
[BlackElo "2542"]
[Result "1-0"]
[Round "8"]
[TimeControl "180+1"]
[Date "2023.08.15"]
[WhiteClock "0:00:21"]
[BlackClock "0:00:00"]
[Board "35"]

1. e4 g6 2. d4 Nf6 3. e5 Nh5 4. Nc3 d6 5. Nf3 dxe5 6. Nxe5 Bg7 7. Be3 c5 8. Bb5+ Nd7 9. O-O O-O 10. Nxd7 Bxd7 11. Bxd7 Qxd7 12. dxc5 Qxd1 13. Rfxd1 Bxc3 14. bxc3 Nf6 15. Rab1 Rac8 16. Rxb7 Ng4 17. Bc1 Rxc5 18. h3 Nf6 19. Rxe7 a5 20. Bh6 Rfc8 21. Rd6 Nh5 22. Rdd7 f5 23. Rxh7 Rxc3 24. g4 fxg4 25. hxg4 1-0


[Site "https://www.chess.com"]

[Event "Titled Tuesday Blitz August 15 Late 2023"]
[White "Dourerassou, Jonathan"]
[Black "NigelDwarf"]
[WhiteFideId "628050"]
[WhiteElo "2677"]
[BlackElo "2505"]
[Result "1-0"]
[Round "8"]
[TimeControl "180+1"]
[Date "2023.08.15"]
[WhiteClock "0:00:34"]
[BlackClock "0:00:07"]
[Board "36"]

1. e4 c5 2. Nc3 a6 3. f4 b5 4. Nf3 Bb7 5. d3 e6 6. g3 h5 7. Bg2 h4 8. Nxh4 Rxh4 9. gxh4 Qxh4+ 10. Kf1 Nf6 11. Qe1 Qh5 12. Qe2 Qh4 13. Bd2 Nc6 14. Qf2 Qh7 15. e5 Ng4 16. Qg3 Nh6 17. Qh3 O-O-O 18. a4 b4 19. Ne2 d5 20. c3 a5 21. cxb4 axb4 22. Kf2 Ba6 23. Rhc1 Bxd3 24. Be3 c4 25. Nd4 Nxd4 26. Bxd4 Bf5 27. Qg3 Ng4+ 28. Kg1 Be7 29. h3 Nh6 30. a5 Bd3 31. a6 Kb8 32. Qf2 Nf5 33. Ba7+ Kc7 34. Qb6+ Kd7 35. Qb5+ Kc7 36. Bb6+ Kc8 37. Qc6+ Kb8 38. Qb7# 1-0


[Site "https://www.chess.com"]

[Event "Titled Tuesday Blitz August 15 Late 2023"]
[White "Peycheva, Gergana"]
[Black "Rastbod, Ali"]
[WhiteFideId "2916711"]
[BlackFideId "12567477"]
[WhiteElo "2524"]
[BlackElo "2672"]
[Result "0-1"]
[Round "8"]
[TimeControl "180+1"]
[Date "2023.08.15"]
[WhiteClock "0:00:05"]
[BlackClock "0:00:04"]
[Board "37"]

1. d4 g6 2. c4 Bg7 3. e4 e6 4. Nc3 Ne7 5. Nf3 d5 6. e5 O-O 7. h4 c5 8. Bg5 cxd4 9. Qxd4 Nbc6 10. Qc5 h6 11. Bf6 Bxf6 12. exf6 Nf5 13. O-O-O Qxf6 14. cxd5 Ne5 15. Ne4 Qg7 16. Be2 Nxf3 17. Bxf3 exd5 18. Qxd5 Be6 19. Qa5 Nd4 20. Kb1 b6 21. Qc3 Rad8 22. Rd3 Nxf3 23. Rxf3 Bf5 24. Re3 Qxc3 25. bxc3 Rd2 26. f3 Rxg2 27. Rd1 Kg7 28. Ka1 Bxe4 29. Rxe4 Rc8 30. Rd3 Rc5 31. Re7 Ra5 32. Rdd7 Rf5 33. Kb1 Rxf3 34. Kc1 Rf1+ 35. Rd1 Rxd1+ 36. Kxd1 Rxa2 37. Kc1 a5 38. Rb7 Rh2 39. Rxb6 Rxh4 40. Ra6 a4 41. Kd2 Rg4 42. Kd3 h5 43. c4 h4 44. Rxa4 h3 45. Ra1 Rh4 46. Rh1 g5 47. Ke3 g4 48. Kf4 Kg6 49. Kg3 Kg5 50. c5 f5 51. c6 f4+ 52. Kf2 Rh7 53. Rc1 Rc7 54. Rc5+ Kh4 55. Rc4 Kg5 56. Rc5+ Kf6 57. Rc4 Ke5 58. Rc5+ Kd4 59. Rc1 Ke4 60. Rc4+ Ke5 61. Rc5+ Kd4 62. Rc1 h2 63. Kg2 g3 64. Rd1+ Ke4 65. Re1+ Kf5 66. Rc1 Kg4 67. Rc4 Kf5 68. Rc5+ Ke4 69. Rc4+ Ke5 70. Rc5+ Kd4 71. Rf5 Ke4 72. Rxf4+ Kxf4 73. Kh1 Rxc6 74. Kg2 Rc2+ 75. Kh1 Rc1+ 76. Kg2 h1=Q# 0-1


[Site "https://www.chess.com"]

[Event "Titled Tuesday Blitz August 15 Late 2023"]
[White "djathtaspogradec"]
[Black "Veiga, Jose Francisco R P Neves"]
[BlackFideId "1930087"]
[WhiteElo "2477"]
[BlackElo "2663"]
[Result "0-1"]
[Round "8"]
[TimeControl "180+1"]
[Date "2023.08.15"]
[WhiteClock "0:00:44"]
[BlackClock "0:01:42"]
[Board "38"]

1. e4 Nc6 2. Nf3 d6 3. d4 Nf6 4. Nc3 g6 5. h3 Bg7 6. Bc4 O-O 7. O-O a6 8. a4 e5 9. Re1 exd4 10. Nxd4 Bd7 11. Nf3 Qe7 12. Bg5 Be6 13. Bd5 h6 14. Bh4 Qd7 15. Qd2 Rfe8 16. Bxf6 Bxf6 17. Qxh6 Nd4 18. Nxd4 Bxd4 19. Bxe6 Rxe6 20. Qd2 Bg7 21. Re2 Rae8 22. Rae1 Bxc3 23. Qxc3 Qxa4 24. Qxc7 Rxe4 25. Rxe4 Rxe4 26. Rd1 Re2 27. Rxd6 Re1+ 28. Kh2 Qf4+ 0-1


[Site "https://www.chess.com"]

[Event "Titled Tuesday Blitz August 15 Late 2023"]
[White "Valenzuela Gomez, Fernando"]
[Black "Bueno, Alfeu Junior Varela"]
[WhiteFideId "3409392"]
[BlackFideId "2108879"]
[WhiteElo "2636"]
[BlackElo "2473"]
[Result "1-0"]
[Round "8"]
[TimeControl "180+1"]
[Date "2023.08.15"]
[WhiteClock "0:00:30"]
[BlackClock "0:01:08"]
[Board "39"]

1. Nf3 e6 2. c4 f5 3. Nc3 Bb4 4. d4 Bxc3+ 5. bxc3 b6 6. a4 a5 7. Ba3 Bb7 8. e3 Nf6 9. Bd3 Ne4 10. Nd2 Nxd2 11. Kxd2 Qg5 12. Rg1 f4 13. Qe2 Nc6 14. Kc2 O-O-O 15. Rab1 d6 16. Rb5 e5 17. Rgb1 fxe3 18. fxe3 Rhe8 19. Bc1 exd4 20. Rxg5 1-0


[Site "https://www.chess.com"]

[Event "Titled Tuesday Blitz August 15 Late 2023"]
[White "chessmateto"]
[Black "SmirnovAlexandrA"]
[WhiteElo "2429"]
[BlackElo "2628"]
[Result "1/2-1/2"]
[Round "8"]
[TimeControl "180+1"]
[Date "2023.08.15"]
[WhiteClock "0:01:19"]
[BlackClock "0:01:21"]
[Board "40"]

1. c4 Nf6 2. Nc3 g6 3. g3 Bg7 4. Bg2 O-O 5. Nf3 d6 6. O-O c5 7. d4 Nc6 8. dxc5 dxc5 9. Be3 Be6 10. Bxc5 Bxc4 11. Qa4 Ba6 12. Rfd1 Qc8 13. Rac1 Nd7 14. Bxe7 Nb6 15. Qa3 Nc4 16. Bxf8 Nxa3 17. Bxa3 Qe8 18. e3 Rd8 19. Nd5 Be2 20. Rd2 Bxf3 21. Bxf3 h5 22. Rcd1 Kh7 1/2-1/2


[Site "https://www.chess.com"]

[Event "Titled Tuesday Blitz August 15 Late 2023"]
[White "Ibadov, Dashgyn"]
[Black "Bullen, Alex"]
[WhiteFideId "24107514"]
[BlackFideId "1801627"]
[WhiteElo "2608"]
[BlackElo "2360"]
[Result "1-0"]
[Round "8"]
[TimeControl "180+1"]
[Date "2023.08.15"]
[WhiteClock "0:01:11"]
[BlackClock "0:01:02"]
[Board "41"]

1. e4 c6 2. d4 d5 3. exd5 cxd5 4. Bd3 Nc6 5. c3 Qc7 6. h3 e6 7. Nf3 Nf6 8. O-O Bd6 9. Re1 O-O 10. Nbd2 a6 11. Nf1 Bd7 12. b3 Rac8 13. Bb2 Rfd8 14. a3 Be8 15. c4 Qb8 16. c5 Bc7 17. Ne5 b5 18. b4 Bxe5 19. dxe5 Nd7 20. Qh5 f5 21. Qg5 Ndxe5 22. f4 Ng6 23. Rxe6 Qxf4 24. Rxg6 Qxg5 25. Rxg5 g6 26. Bxf5 Rc7 27. Be6+ Kf8 28. Ne3 d4 29. Nd5 Rb7 30. Rf1+ Kg7 31. Nf6 Kh6 32. Rg4 Ne5 33. Rxd4 Rxd4 34. Bxd4 Nd3 35. Nxe8 1-0


[Site "https://www.chess.com"]

[Event "Titled Tuesday Blitz August 15 Late 2023"]
[White "Silvestre, Christian"]
[Black "Morefield, Jason"]
[WhiteFideId "30956269"]
[BlackFideId "30920825"]
[WhiteElo "2392"]
[BlackElo "2735"]
[Result "0-1"]
[Round "8"]
[TimeControl "180+1"]
[Date "2023.08.15"]
[WhiteClock "0:00:31"]
[BlackClock "0:00:21"]
[Board "42"]

1. e4 d6 2. Nc3 Nf6 3. g3 g6 4. Bg2 Bg7 5. Nge2 c5 6. O-O O-O 7. d4 cxd4 8. Nxd4 a6 9. h3 Qc7 10. Nd5 Nxd5 11. exd5 b5 12. Re1 Bb7 13. c3 Re8 14. Bg5 Bf8 15. Qd2 Nd7 16. h4 Nb6 17. h5 Bxd5 18. Bxd5 Nxd5 19. hxg6 hxg6 20. Nxb5 Qb7 21. Nd4 e5 22. Nb3 Nb6 23. Na5 Qf3 24. Qe3 Qxe3 25. Bxe3 Na4 26. Re2 d5 27. Rd1 Rab8 28. Bc1 Rb5 29. Nb3 f6 30. Red2 Nb6 31. Re2 Nc4 32. Nd4 Rbb8 33. Nc6 Rbc8 34. Nb4 Bxb4 35. cxb4 d4 36. b3 Nb6 37. Bd2 Rc2 38. a4 Nd5 39. Kf1 Rec8 40. f4 Re8 41. fxe5 fxe5 42. Rde1 e4 43. Rxe4 Rxe4 44. Rxe4 Rxd2 45. b5 axb5 46. axb5 Ne3+ 47. Ke1 Rb2 48. Rxd4 Nc2+ 49. Kd2 Nxd4+ 50. Kc3 Rxb3+ 51. Kxd4 Rxb5 52. Ke4 Rf5 53. g4 Rf8 54. g5 Rf5 55. Kd4 Rxg5 56. Ke3 Rf5 57. Kd3 Rf8 58. Kc3 g5 59. Kc4 g4 60. Kd4 g3 61. Kc3 g2 62. Kd3 g1=Q 63. Kc4 Qg7 64. Kd5 Rf6 0-1


[Site "https://www.chess.com"]

[Event "Titled Tuesday Blitz August 15 Late 2023"]
[White "arenal72"]
[Black "Troff, Kayden"]
[BlackFideId "2047896"]
[WhiteElo "2498"]
[BlackElo "2755"]
[Result "0-1"]
[Round "8"]
[TimeControl "180+1"]
[Date "2023.08.15"]
[WhiteClock "0:00:52"]
[BlackClock "0:00:50"]
[Board "43"]

1. e4 c5 2. Nf3 g6 3. d4 cxd4 4. Qxd4 Nf6 5. Nc3 Nc6 6. Qa4 d6 7. e5 dxe5 8. Nxe5 Bd7 9. Nxd7 Nxd7 10. Bb5 Bg7 11. Bd2 O-O 12. O-O Nb6 13. Qf4 Nd4 14. Bd3 e5 15. Qe3 f5 16. Rad1 e4 17. Bb5 Rc8 18. Bc1 Qf6 19. Qg3 a6 20. Bg5 Qf7 21. Be2 Rxc3 0-1


[Site "https://www.chess.com"]

[Event "Titled Tuesday Blitz August 15 Late 2023"]
[White "Michalczak, Thomas"]
[Black "Korchmar, Vasiliy"]
[WhiteFideId "4622634"]
[BlackFideId "24131750"]
[WhiteElo "2493"]
[BlackElo "2678"]
[Result "0-1"]
[Round "8"]
[TimeControl "180+1"]
[Date "2023.08.15"]
[WhiteClock "0:01:45"]
[BlackClock "0:02:19"]
[Board "44"]

1. e4 c5 2. c3 d5 3. exd5 Nf6 4. Bb5+ Nbd7 5. d4 cxd4 6. Qxd4 g6 7. Nf3 Bg7 8. c4 O-O 9. Nc3 a6 10. Bxd7 Bxd7 11. Qh4 Rc8 12. Ne5 Nxd5 13. Nxd5 Bxe5 14. Nxe7+ Kh8 15. Nxc8 Qxh4 0-1


[Site "https://www.chess.com"]